 Dungeon Crawl Stone Soup version 0.25-a0-41-g6cf4ce537d (webtiles) character file.

Game seed: 14243303489941618977, levelgen mode: deterministic

43 Froggeryz the Chucker (level 3, -1/37 HPs)
             Began as an Ogre Hunter on Oct 21, 2019.
             Slain by an adder (4 damage)
             ... on level 3 of the Dungeon.
             The game lasted 00:02:50 (2721 turns).

Froggeryz the Chucker (Ogre Hunter)                 Turns: 2721, Time: 00:02:52

Health: -1/37      AC:  3    Str: 16    XL:     3   Next: 58%
Magic:  3/3        EV: 10    Int: 12    God:
Gold:   87         SH:  0    Dex: 10    Spells: 2/2 levels left

rFire    . . .     SeeInvis .   a - +0 short sword
rCold    . . .     Gourm    .   (no shield)
rNeg     . . .     Faith    .   b - +0 robe
rPois    .         Spirit   .   (helmet restricted)
rElec    .         Reflect  .   (no cloak)
rCorr    .         Harm     .   (gloves unavailable)
MR       .....                  (boots unavailable)
Stlth    +.........             (no amulet)
HPRegen  0.12/turn              (no ring)
MPRegen  0.08/turn              (no ring)

@: lethally poisoned (-1 -> -12)
A: large, unfitting armour, tough skin 1
a: no special abilities


You were on level 3 of the Dungeon.
You were near starving.

You visited 1 branch of the dungeon, and saw 3 of its levels.

You collected 87 gold pieces.

Inventory:

Hand Weapons
 a - a +0 short sword (weapon)
 n - a +0 club
Armour
 b - a +0 robe (worn)
Scrolls
 e - 4 scrolls of teleportation {unknown}
 l - a scroll of enchant weapon {unknown}
 m - a scroll of identify {unknown}
 o - a scroll of amnesia {unknown}
Potions
 g - a potion of brilliance {unknown}
 h - 2 potions of heal wounds {unknown}
 i - a potion of curing {unknown}
 j - 4 potions of might {unknown}
 k - 2 potions of flight {unknown}
Comestibles
 f - 3 rations


   Skills:
 + Level 3.6 Fighting
 + Level 0.3 Maces & Flails
 * Level 4.8 Throwing
 - Level 1.7 Dodging
 - Level 0.6 Stealth


You had 2 spell levels left.
You didn't know any spells.
Your spell library was empty.

Dungeon Overview and Level Annotations

Branches:
Dungeon (3/15)

Altars:
Elyvilon
Hepliaklqana
Kikubaaqudgha
Qazlal
Zin
The Shining One


Innate Abilities, Weirdness & Mutations

You are too large for most types of armour.
You have tough skin. (AC +1)


Message History

Throwing (i - inventory)
d - a throwing net (quivered)
Press: ? - help, Shift-Dir - straight line, f/p - adder
Aim: an adder (heavily wounded)
You throw a throwing net.
The throwing net barely misses the adder.
The adder bites you.
* * * LOW HITPOINT WARNING * * *
You are more poisoned.
The adder poisons you!
Firing (i - inventory) No suitable missiles.
Press: ? - help, Shift-Dir - straight line, f/p - adder
Aim: an adder (moderately wounded)
Okay, then.
You hit the adder.
The adder is heavily wounded.
* * * LOW HITPOINT WARNING * * *
You feel sick. The adder bites you.
* * * LOW HITPOINT WARNING * * *
The adder bites you.
You die...

(......
..#.......##
...........
#........
#........ #
#.... ..# ..
#.S##.## ...
#.@#..## ....
#."....###.....
##.#...........
#.....<......>
#.........####.#
............#
..####.#..#...
.. #.....##.. ..
....... ....


You could see an adder.

Vanquished Creatures
  2 worms (D:2)
  7 bats
  A giant cockroach (D:2)
  A goblin (D:1)
  6 hobgoblins
  5 jackals
  5 kobolds
  A quokka (D:2)
  2 ball pythons
  2 frilled lizards
  3 rats
35 creatures vanquished.

Notes
Turn   | Place    | Note
-------+----------+-------------------------------------------
     0 | D:1      | Froggeryz the Ogre Hunter began the quest for the Orb.
     0 | D:1      | Reached XP level 1. HP: 22/22 MP: 1/1
   296 | D:1      | You fall into a shaft and drop 1 floor!
   339 | D:2      | Reached XP level 2. HP: 10/31 MP: 2/2
  1539 | D:1      | Reached XP level 3. HP: 26/37 MP: 3/3
  1834 | D:2      | Found a glowing silver altar of Zin.
  1837 | D:2      | Found a stormy altar of Qazlal.
  1837 | D:2      | Found a white marble altar of Elyvilon.
  2274 | D:2      | Found a glowing golden altar of the Shining One.
  2274 | D:2      | Found a hazy altar of Hepliaklqana.
  2275 | D:2      | Found an ancient bone altar of Kikubaaqudgha.
  2721 | D:3      | Slain by an adder

Levels and vault maps discovered:
D:1:      tarquinn_simple_flora_water_e, layout_basic, grunt_decor_mini_mirrors
D:2:      layout_basic, chequers_temple_overflow_statue_of_worship,
          grunt_temple_overflow_open
D:3:      layout_rooms, gammafunk_temple_overflow_wave, fiery_altar_vehumet,
          gammafunk_temple_overflow_forgotten, first_ration,
          minmay_misc_feat_enclosed

Skill      XL: |  1 |
---------------+----+-----
Fighting       | 3 |  3.6
Maces & Flails | |  0.3
Throwing       | |  4.8
Dodging        | |  1.7
Stealth        | |  0.6

Action                   || total
-------------------------++-------
Melee: Short sword       ||   180
Throw: Large rock        ||    11
       Throwing net      ||     2
 Stab: Sleeping          ||     2
  Eat: Chunk             ||     4
Armor: Robe              ||    79
Dodge: Dodged            ||   144

Table legend:
 A = Non-vault XP
 B = Vault XP
 C = Vault XP percentage of total XP
 D = Non-vault monster count
 E = Vault monster count
 F = Vault count percentage of total count
                 A         B        C        D         E       F
            +---------+---------+-------+---------+---------+-------
      Total |      62 |       0 |   0.0 |      35 |       0 |   0.0
            +---------+---------+-------+---------+---------+-------
        D:1 |      29 |       0 |   0.0 |      19 |       0 |   0.0
        D:2 |      33 |       0 |   0.0 |      16 |       0 |   0.0
            +---------+---------+-------+---------+---------+-------
